[Event "FIDE World School-ch O-13 2025"]
[Site "Vrnjacka Banja"]
[Date "2025.03.22"]
[Round "3.1"]
[White "Yurasov, Matfey"]
[Black "Baturin-Vinogradov, Miroslav"]
[Result "1-0"]
[Annotator "RC"]
[ECO "A07"]
[WhiteElo "2271"]
[BlackElo "1912"]
[PlyCount "69"]
[EventDate "2025.03.19"]
[EventType "swiss"]
[EventCountry "SRB"]
[SourceTitle "playchess.com"]
[Source "ChessBase"]
[SourceQuality "1"]
[TimeControl "5400+30"]

1. Nf3 d5 2. g3 Bg4 3. Bg2 c6 4. O-O Nd7 5. h3 Bh5 6. d4 Ngf6 7. c4 e6 8. cxd5 exd5 9. Ne5 Bg6 10. Nc3 Be7 11. f4 Be4 12. Nxe4 Nxe4 13. Bxe4 dxe4 14. Qb3 Nxe5 15. fxe5 O-O 16. Be3 Qd5 17. Qxb7 Qe6 18. Rac1 Qxh3 19. Bf4 Bg5 20. Qb3 Bxf4 21. Rxf4 Rab8 22. Qc3 Qh5 23. Rxe4 f5 24. Rf4 g5 25. Rf3 f4 26. Qxc6 fxg3 27. Rxg3 Rxb2 28. Qg2 Kh8 29. Rf1 Rxf1+ 30. Qxf1 Kg8 31. Qf5 h6 32. Rc3 Qf7 33. Qe4 Rxa2 34. Rf3 Ra1+ 35. Kg2 1-0

[Event "FIDE World School-ch O-13 2025"]
[Site "Vrnjacka Banja"]
[Date "2025.03.22"]
[Round "4.1"]
[White "Obidov, Biloliddin"]
[Black "Yurasov, Matfey"]
[Result "1/2-1/2"]
[Annotator "RC"]
[ECO "B22"]
[WhiteElo "2020"]
[BlackElo "2271"]
[PlyCount "113"]
[EventDate "2025.03.19"]
[EventType "swiss"]
[EventCountry "SRB"]
[SourceTitle "playchess.com"]
[Source "ChessBase"]
[SourceQuality "1"]
[TimeControl "5400+30"]

1. e4 c5 2. Nf3 e6 3. c3 Nf6 4. e5 Nd5 5. d4 cxd4 6. cxd4 d6 7. Bc4 dxe5 8. dxe5 Be7 9. O-O O-O 10. Bd2 Bd7 11. Nc3 Bc6 12. Qe2 Nb6 13. Bd3 N8d7 14. Bf4 Nd5 15. Nxd5 Bxd5 16. Rfd1 Qb6 17. Ng5 Bxg5 18. Bxg5 Nxe5 19. Qxe5 f6 20. Bxf6 Rxf6 21. Rd2 Raf8 22. Qe3 Qb4 23. a3 Qh4 24. Qg3 Qh6 25. Rc2 Rf4 26. Re1 Qf6 27. Bf1 h5 28. h3 h4 29. Qe3 Qg6 30. Qc1 R4f5 31. Re3 Rg5 32. f3 Bxf3 33. Rf2 Rg3 34. Qc3 Bc6 35. Rxf8+ Kxf8 36. Rxg3 hxg3 37. Qc5+ Kf7 38. Qxa7 Qe4 39. b4 e5 40. b5 Bd5 41. a4 Ke6 42. a5 Qd4+ 43. Qxd4 exd4 44. a6 bxa6 45. bxa6 Kd6 46. Bd3 Kc5 47. Kf1 g5 48. Be2 Be4 49. Bg4 Kb6 50. Bc8 Bd3+ 51. Ke1 Kc7 52. Bb7 Bb5 53. Kd2 Bc4 54. Kc2 Kb6 55. Kd2 Bb5 56. Kc2 Kc7 57. Kd2 1/2-1/2

[Event "FIDE World School-ch O-13 2025"]
[Site "Vrnjacka Banja"]
[Date "2025.03.22"]
[Round "4.2"]
[White "Wijerathna, Vinuka Dihain"]
[Black "Yang, Maxwell"]
[Result "1/2-1/2"]
[Annotator "RC"]
[ECO "B23"]
[WhiteElo "2117"]
[BlackElo "1970"]
[PlyCount "101"]
[EventDate "2025.03.19"]
[EventType "swiss"]
[EventCountry "SRB"]
[SourceTitle "playchess.com"]
[Source "ChessBase"]
[SourceQuality "1"]
[TimeControl "5400+30"]

1. e4 c5 2. Nc3 d6 3. d4 cxd4 4. Qxd4 Nc6 5. Qd2 g6 6. b3 Bh6 7. f4 f5 8. Bb2 Nf6 9. O-O-O Rf8 10. exf5 Bxf5 11. Bb5 Qb6 12. Nge2 O-O-O 13. Rhf1 Kb8 14. Bxc6 Qxc6 15. Nd4 Qd7 16. Nxf5 Qxf5 17. Kb1 Rf7 18. g3 e5 19. Nb5 Ne4 20. Qd3 a6 21. g4 Qxg4 22. Qxe4 axb5 23. Qd5 Rfd7 24. fxe5 dxe5 25. Qxe5+ Ka8 26. Rxd7 Qxd7 27. a4 Qd5 28. axb5 Qxe5 29. Bxe5 Rd5 30. Bg3 Rxb5 31. Rf7 Be3 32. Rxh7 Rf5 33. Rd7 Ka7 34. Kb2 Bf2 35. Bxf2+ Rxf2 36. h4 Rf4 37. Rh7 Rg4 38. c4 Kb6 39. Kc3 g5 40. Rh6+ Ka7 41. h5 Rh4 42. Kb4 g4 43. Rg6 Rxh5 44. Rxg4 Rf5 45. Rg7 Rf6 46. Re7 Rb6+ 47. Kc3 Rh6 48. b4 Rh3+ 49. Kb2 Ka6 50. Re6+ Ka7 51. c5 1/2-1/2

[Event "FIDE World School-ch O-13 2025"]
[Site "Vrnjacka Banja"]
[Date "2025.03.22"]
[Round "4.3"]
[White "Rusu, Lucas"]
[Black "Zharas, Aldiyar"]
[Result "1-0"]
[Annotator "RC"]
[ECO "B33"]
[WhiteElo "2049"]
[BlackElo "1924"]
[PlyCount "155"]
[EventDate "2025.03.19"]
[EventType "swiss"]
[EventCountry "SRB"]
[SourceTitle "playchess.com"]
[Source "ChessBase"]
[SourceQuality "1"]
[TimeControl "5400+30"]

1. e4 c5 2. Nf3 Nc6 3. d4 cxd4 4. Nxd4 Nf6 5. Nc3 e5 6. Ndb5 d6 7. Bg5 a6 8. Na3 b5 9. Nd5 Be7 10. Bxf6 Bxf6 11. c3 Rb8 12. Nc2 Bg5 13. g3 O-O 14. Bg2 Be6 15. O-O Ne7 16. Ncb4 Bxd5 17. Nxd5 f5 18. exf5 Nxf5 19. Qd3 Ne7 20. Rad1 Kh8 21. Be4 Nxd5 22. Bxd5 Rf6 23. h4 Bh6 24. Be4 g6 25. Kg2 Qb6 26. f3 Rd8 27. h5 Kg7 28. hxg6 hxg6 29. Rh1 Qc5 30. Bd5 Rh8 31. Qe4 a5 32. Bb3 Qc7 33. Rh3 a4 34. Bc2 a3 35. bxa3 Qxc3 36. Bb3 Rhf8 37. Rf1 Rc8 38. Rf2 Qa5 39. Qh4 Rh8 40. Rc2 Qd8 41. Qe4 Qd7 42. Qd5 Rff8 43. Qc6 Qxc6 44. Rxc6 Rc8 45. Rxd6 Rhd8 46. Rxd8 Rxd8 47. Rh4 Rd4 48. Rxd4 exd4 49. Bc2 Bc1 50. Bd3 Bxa3 51. Bxb5 g5 52. f4 gxf4 53. gxf4 Kf6 54. Kf3 Ke6 55. Ke4 Bc5 56. Bc4+ Kd6 57. f5 Bb6 58. f6 Bc5 59. Kf5 Ba3 60. Kg6 Kc5 61. Bd3 Kb4 62. Kf5 Kc3 63. Ke4 Bc5 64. a4 Kb4 65. Kd5 Bf8 66. Bc2 d3 67. Bd1 Ka5 68. Ke6 Kb6 69. Kf7 Bb4 70. Ke8 d2 71. f7 Ka5 72. f8=Q Bxf8 73. Kxf8 Kb4 74. Ke7 Kc5 75. Ke6 Kc6 76. Ke5 Kc5 77. Ke4 Kc4 78. Ke3 1-0

[Event "FIDE World School-ch O-13 2025"]
[Site "Vrnjacka Banja"]
[Date "2025.03.22"]
[Round "4.4"]
[White "Petroff, Vlad"]
[Black "Lee, Tsuen Jin Aiesec"]
[Result "1/2-1/2"]
[Annotator "RC"]
[ECO "D02"]
[WhiteElo "2030"]
[BlackElo "1693"]
[PlyCount "108"]
[EventDate "2025.03.19"]
[EventType "swiss"]
[EventCountry "SRB"]
[SourceTitle "playchess.com"]
[Source "ChessBase"]
[SourceQuality "1"]
[TimeControl "5400+30"]

1. d4 Nf6 2. Nf3 g6 3. Nbd2 d5 4. e3 Bg7 5. b4 O-O 6. c4 a5 7. b5 c6 8. a4 Ne4 9. Bb2 Bg4 10. Be2 Nd7 11. O-O cxb5 12. cxb5 Bxf3 13. Nxf3 Nb6 14. Qb3 Qd7 15. Ba3 Rac8 16. Rac1 Qe6 17. Rfd1 Rfd8 18. h3 h5 19. Bd3 Nc4 20. Bxc4 dxc4 21. Qa2 Bf6 22. Nd2 Nxd2 23. Rxd2 Kg7 24. Rdc2 Rc7 25. Qb2 b6 26. Rc3 Rdc8 27. Qd2 Kh7 28. R3c2 Kg7 29. Bb2 Qd6 30. e4 Qd8 31. Qe3 e6 32. Bc3 Kh7 33. Rd1 Rd7 34. Rcd2 Bg5 35. f4 Be7 36. Kh1 Bb4 37. d5 Bxc3 38. Qxc3 exd5 39. exd5 Rd6 40. Kh2 Rc5 41. Qe5 c3 42. Rc2 Rdxd5 43. Rxd5 Qxd5 44. Qxd5 Rxd5 45. Rxc3 Rd4 46. Rc6 Rxa4 47. f5 Rf4 48. fxg6+ fxg6 49. Rxb6 Rb4 50. Rb7+ Kh6 51. b6 a4 52. Ra7 Rxb6 53. Rxa4 Rc6 54. h4 Rb6 1/2-1/2

[Event "FIDE World School-ch O-13 2025"]
[Site "Vrnjacka Banja"]
[Date "2025.03.22"]
[Round "4.8"]
[White "Simiyu Jadon"]
[Black "Ilcic, Aleksa"]
[Result "0-1"]
[Annotator "RC"]
[ECO "B31"]
[WhiteElo "1937"]
[BlackElo "1822"]
[PlyCount "72"]
[EventDate "2025.03.19"]
[EventType "swiss"]
[EventCountry "SRB"]
[SourceTitle "playchess.com"]
[Source "ChessBase"]
[SourceQuality "1"]
[TimeControl "5400+30"]

1. e4 c5 2. Nf3 Nc6 3. Bb5 g6 4. Bxc6 dxc6 5. d3 Bg7 6. O-O e5 7. h3 Qc7 8. Qd2 b6 9. a4 a5 10. Qc3 h6 11. Nbd2 Be6 12. Re1 Rd8 13. Nc4 Bxc4 14. dxc4 Ne7 15. Be3 O-O 16. Rad1 Nc8 17. Bd2 Rfe8 18. Qe3 Nd6 19. b3 f5 20. exf5 e4 21. Nh2 Nxf5 22. Qf4 Be5 23. Qg4 Bxh2+ 24. Kh1 Kh7 25. g3 Bxg3 26. fxg3 e3 27. Bc3 Qxg3 28. Rxd8 Rxd8 29. Qxg3 Nxg3+ 30. Kg2 Nf5 31. Re2 Rd1 32. Be5 Rd2 33. Kf1 Rd7 34. Kg2 g5 35. Bh2 Kg6 36. Bg1 Rd2 0-1